 Dungeon Crawl Stone Soup version 0.18.1-48-g4cf74bf (webtiles) character file.

51 mopl the Sneak (level 3, -3/18 HPs)
             Began as a Vine Stalker Wanderer on Aug 28, 2016.
             Killed by nerve-wracking pain
             ... invoked by Jessica
              (6 damage)
             ... on level 2 of the Dungeon.
             The game lasted 00:01:56 (747 turns).

mopl the Sneak (Vine Stalker Wanderer)               Turns: 747, Time: 00:01:57

Health: -3/18      AC:  6    Str: 14    XL:     3   Next: 81%
Magic:  0/4        EV: 10    Int: 10    God:
Gold:   21         SH:  0    Dex: 16    Spells: 0 memorised, 2 levels left

rFire  . . .     SeeInvis .     i - +0 short sword
rCold  . . .     Gourm    .     g - +0 ring mail
rNeg   . . .     Faith    .     (no shield)
rPois  .         Spirit   +     n - +0 helmet
rElec  .         Dismiss  .     (no cloak)
rCorr  .         Reflect  .     (no gloves)
SustAt .         Harm     .     (no boots)
MR     .....                    (no amulet)
Stlth  ++........               (no ring)
                                (no ring)

@: not resistant to hostile enchantments, unstealthy
A: fangs 2, regeneration 1, magic shield, antimagic bite, no device heal 3, rot
immunity
a: no special abilities


You were on level 2 of the Dungeon.
You were not hungry.

You visited 1 branch of the dungeon, and saw 2 of its levels.

You collected 21 gold pieces.

Inventory:

Hand Weapons
 a - a +2 dagger
 d - a +0 spear
 i - a +0 short sword (weapon)
Missiles
 h - 24 stones (quivered)
 p - a throwing net
Armour
 e - a +0 robe
 g - a +0 ring mail (worn)
 n - a +0 helmet (worn)
Scrolls
 m - a scroll of teleportation {unknown}
 o - a scroll of fear {unknown}
Potions
 b - a potion of heal wounds
 j - a potion of experience {unknown}
 k - a potion of resistance {unknown}
 l - a potion of might {unknown}
Comestibles
 f - a bread ration


   Skills:
 + Level 2.2 Fighting
 * Level 1.9(2.2) Short Blades
   Level 1.7(2.2) Long Blades
 - Level 1.7 Polearms
 + Level 1.7 Throwing
 - Level 1.0 Dodging
 - Level 2.7 Stealth


You had 2 spell levels left.
You didn't know any spells.

Dungeon Overview and Level Annotations

Branches:
Dungeon (2/15)

Altars:

Annotations:
D:2 Jessica


Innate Abilities, Weirdness & Mutations

You have extremely sharp teeth.
Your natural rate of healing is unusually fast.
When hurt, damage is shared between your health and your magic reserves.
Your bite disrupts and absorbs the magic of your enemies.
Potions and wands cannot restore your health.
You are immune to rotting.


Message History

Jessica is heavily wounded.
You feel sick.
Jessica gestures wildly while chanting.
Jessica blinks!
You aren't carrying any items that you can evoke without wielding.
* * * LOW HITPOINT WARNING * * *
You feel sick.
* * * LOW HITPOINT WARNING * * *
You feel sick.
Jessica mumbles some strange words.
Jessica seems to speed up.
* * * LOW HITPOINT WARNING * * *
You feel sick.
* * * LOW HITPOINT WARNING * * *
You feel sick.
Drink which item? (? for menu, Esc to quit)
You feel better. Jessica gestures at you while chanting.
Pain shoots through your body!
You die...

#.##############
#.## #..# #.###♣♣
#.....♣♣
#......♣♣
#.@..P..♣
.########.#..P.♣.
.......@..###♣♣♣
...........#
############


You could see Jessica.

Vanquished Creatures
  2 adders (D:2)
  2 oozes (D:1)
  2 giant geckos (D:1)
  4 bats (D:1)
  2 goblins (D:1)
  2 hobgoblins (D:1)
  2 jackals (D:1)
  2 giant newts
  4 kobolds
  2 rats
24 creatures vanquished.

Notes
Turn   | Place    | Note
--------------------------------------------------------------
     0 | D:1      | mopl the Vine Stalker Wanderer began the quest for the Orb.
     0 | D:1      | mopl set off with: a +2 dagger, a potion of heal wounds, a potion of curing, a +0 spear, a +0 robe, a bread ration
     0 | D:1      | Reached XP level 1. HP: 11/11 MP: 2/2
   139 | D:1      | Reached skill level 2 in Fighting
   139 | D:1      | Reached skill level 1 in Short Blades
   139 | D:1      | Reached XP level 2. HP: 9/15 MP: 3/3
   246 | D:1      | Reached XP level 3. HP: 9/18 MP: 2/4
   730 | D:2      | Noticed Jessica
   747 | D:2      | Killed from afar by Jessica

Skill      XL: |  1 |
---------------+----+-----
Fighting       | 2 |  2.2
Short Blades   | 1 |  1.9
Long Blades    | |  1.7
Polearms       | |  1.7
Throwing       | |  1.7
Dodging        | |  1.0
Stealth        | |  2.7

Action                   || total
-------------------------++-------
Melee: Short sword       ||    63
       Dagger            ||     5
       Bite              ||    15
  Use: Potion            ||     1
 Stab: Sleeping          ||     5
Armor: Robe              ||    15
       Ring mail         ||    10
Dodge: Dodged            ||    45
